 Dungeon Crawl Stone Soup version 0.29.1-4-g47bece8355 (webtiles) character file.

Game seed: 10396704319107550821

32 AarnesTheHuman the Shooter (level 3, -11/29 HPs)
             Began as a Formicid Hunter on Dec 9, 2022.
             Mangled by a gnoll
             ... wielding a +0 flail of distortion
              (14 damage)
             ... on level 2 of the Dungeon.
             The game lasted 00:01:08 (930 turns).

AarnesTheHuman the Shooter (Formicid Hunter)         Turns: 930, Time: 00:01:08

Health: -11/29     AC:  3    Str: 17    XL:     3   Next: 42%
Magic:  3/3        EV: 12    Int:  8    God:
Gold:   32         SH:  0    Dex: 17    Spells: 2/2 levels left

rFire   . . .      SeeInvis +   a - +0 shortbow
rCold   . . .      Faith    .   (no shield)
rNeg    . . .      Spirit   .   c - +0 leather armour
rPois   .          Reflect  .   (helmet unavailable)
rElec   .          Harm     .   (no cloak)
rCorr   .          Rampage  .   (no gloves)
Will    .....                   (no boots)
Stlth   ++........              (no amulet)
HPRegen 0.09/turn               (no ring)
MPRegen 0.08/turn               (no ring)

@: no status effects
A: permanent stasis, dig shafts and tunnels, antennae 3, four strong arms
a: Dig, Shaft Self


You were on level 2 of the Dungeon.
You visited 1 branch of the dungeon, and saw 2 of its levels.

You collected 32 gold pieces.

Inventory:

Hand Weapons
 a - a +0 shortbow (weapon)
Armour
 c - a +0 leather armour (worn)
Magical Staves
 f - a staff of cold
Scrolls
 b - a scroll of immolation
 e - a scroll of identify {unknown}
 g - 2 scrolls of enchant armour {unknown}
 h - a scroll of noise {unknown}
 k - a scroll of teleportation {unknown}
 l - a scroll of amnesia {unknown}
Potions
 d - a potion of curing {unknown}
 i - a potion of lignification {unknown}
 j - a potion of brilliance {unknown}
 m - a potion of ambrosia {unknown}


   Skills:
 + Level 3.2 Fighting
 + Level 4.5 Ranged Weapons
 - Level 1.7 Dodging
 - Level 1.2 Stealth


You had 2 spell levels left.
You didn't know any spells.
Your spell library contained the following spells:

 Spells                   Type           Power      Damage    Failure   Level
 Necrotise                Necr           0%         1d4       47%         1
 Vampiric Draining        Necr           0%         2d6       85%         3
 Agony                    Necr           0%         N/A       100%        5


Dungeon Overview and Level Annotations

Branches:
Dungeon (2/15)

Altars:


Innate Abilities, Weirdness & Mutations

You cannot be hasted, slowed, berserked, paralysed or teleported.
You can dig through walls and to a lower floor.
You have a pair of large antennae on your head. (SInv)
Your four strong arms can wield two-handed weapons with a shield.


Message History

The gnoll is severely wounded.
You shoot an arrow. The arrow hits the gnoll!
You kill the gnoll!
An endoplasm comes into view.
You shoot an arrow. The endoplasm quivers.
The arrow hits the endoplasm!
You kill the endoplasm!
No target in view!
No target in view!
No target in view!
A gnoll and a kobold come into view.
The gnoll is wielding a +0 flail of distortion.
The gnoll shouts!
The kobold shouts!
A gnoll comes into view. It is wielding a +0 halberd.
The kobold throws a stone.
The stone hits you but does no damage.
You shoot an arrow. The arrow barely misses the kobold.
The arrow hits the gnoll!
The gnoll is severely wounded.
A gnoll comes into view. It is wielding a +0 club.
You shoot an arrow. The arrow hits the kobold.
You kill the kobold!
The gnoll throws a throwing net.
The throwing net hits you.
You become entangled in the net!
You struggle against the net.
You struggle against the net.
You struggle against the net.
The gnoll hits you with a +0 flail of distortion!
Space warps horribly around you.
You rip the net and break free!
The gnoll barely misses you.
A bat comes into view.
The gnoll attacks as you move away! The gnoll closely misses you.
The gnoll attacks as you move away! The gnoll closely misses you.
The gnoll attacks as you move away! The gnoll barely misses you.
The gnoll attacks as you move away! The gnoll closely misses you.
The gnoll attacks as you move away!
The gnoll hits you with a +0 flail of distortion!
* * * LOW HITPOINT WARNING * * *
Space warps horribly around you!
You die...

#.# ....... #.# .......
#.# ....... #.# ...)...
#.# ....... #.# .......
#.#
.##...)##############.###
...........g.gg@........#
.##....##################
#.... #.... ......
b...... #...... #......


You could see 3 gnolls.

Vanquished Creatures
  A gnoll (D:2)
  4 bats (D:1)
  4 endoplasms
  3 giant cockroaches (D:1)
  2 goblins (D:1)
  2 hobgoblins (D:1)
  A frilled lizard (D:1)
  A kobold (D:2)
  2 rats (D:1)
20 creatures vanquished.

Notes
Turn   | Place    | Note
-------+----------+-------------------------------------------
     0 | D:1      | AarnesTheHuman the Formicid Hunter began the quest for the
                  | Orb.
     0 | D:1      | Reached XP level 1. HP: 16/16 MP: 1/1
   141 | D:1      | Reached XP level 2. HP: 18/23 MP: 2/2
   694 | D:1      | Reached XP level 3. HP: 29/29 MP: 3/3
   930 | D:2      | Mangled by a gnoll

Illustrated notes

Levels and vault maps discovered:
D:1:      dpeg_arrival_more_subterranean_lakeside_camping, layout_basic
D:2:      layout_basic, shapermc_ecumenical_altar_venn

Skill      XL: |  1  2 |
---------------+-------+-----
Fighting       | 3 |  3.2
Ranged Weapons | |  4.5
Dodging        | |  1.7
Stealth        | |  1.2

Action                   || total
-------------------------++-------
 Fire: Shortbow          ||    49
Armor: Leather armour    ||    12
Dodge: Dodged            ||    20
